 Dungeon Crawl Stone Soup version 0.21-a0-283-g622b906 (webtiles) character file.

5119 motkurip the Cleaver (level 10, -5/64 HPs)
             Began as a Gargoyle Gladiator on Sept 24, 2017.
             Was a Priest of Makhleb.
             Slain by a komodo dragon (23 damage)
             ... on level 1 of the Lair of Beasts.
             The game lasted 00:23:49 (4493 turns).

motkurip the Cleaver (Gargoyle Gladiator)           Turns: 4493, Time: 00:23:50

Health: -5/64      AC: 21    Str: 18    XL:     10   Next: 58%
Magic:  23/23      EV:  8    Int:  9    God:    Makhleb [***...]
Gold:   582        SH:  0    Dex: 14    Spells: 9/9 levels left

rFire    . . .     SeeInvis .   z - +2 hand axe (elec)
rCold    . . .     Gourm    .   (no shield)
rNeg     + . .     Faith    .   n - +0 chain mail
rPois    ∞         Spirit   .   c - +0 helmet
rElec    +         Reflect  .   y - +0 cloak (curse)
rCorr    .         Harm     .   B - +0 pair of gloves
MR       .....     Rnd*Tele +   (no boots)
Stlth    ..........             G - amulet of rage
HPRegen  0.20/turn              j - ring of magical power
MPRegen  0.18/turn              M - ring of teleportation

@: no status effects
A: negative energy resistance 1, electricity resistance, unbreathing,
petrification resistance, rot immunity, AC +7
a: Minor Destruction, Lesser Servant of Makhleb, Renounce Religion, Evoke
Berserk Rage


You were on level 1 of the Lair of Beasts.
You worshipped Makhleb.
Makhleb was most pleased with you.
You were very hungry.

You visited 3 branches of the dungeon, and saw 11 of its levels.

You collected 582 gold pieces.

Inventory:

Hand Weapons
 a - a +0 war axe
 s - a +0 flail of crushing
 t - a +1 whip of flaming
 z - a +2 hand axe of electrocution (weapon)
 F - a cursed -2 battleaxe
 J - the +7 spear "Enedial" {pierce, Int+2 Dex+5, unknown}
   (You found it on level 7 of the Dungeon)

   It inflicts extra damage upon your enemies.
   It affects your intelligence (+2).
   It affects your dexterity (+5).
Missiles
 d - 3 throwing nets
 i - 6 javelins (quivered)
Armour
 b - a +0 leather armour
 c - a +0 helmet (worn)
 n - a +0 chain mail (worn)
 y - a cursed +0 cloak (worn)
 B - a +0 pair of gloves (worn)
 U - the +3 ring mail of the Fiend {rElec Int+3 Dex-4}
   (You found it on level 9 of the Dungeon)

   It affects your intelligence (+3).
   It affects your dexterity (-4).
   It insulates you from electricity.
Jewellery
 j - a ring of magical power (left hand)
 G - an amulet of rage (around neck)
 M - a ring of teleportation (right hand)
Wands
 x - a wand of paralysis (0/24)
 A - a wand of iceblast (7/15)
 C - a wand of lightning (6/15)
 K - a wand of scattershot (4/9)
Scrolls
 e - a scroll of fog
 k - 2 scrolls of enchant armour
 o - 3 scrolls of remove curse
 r - 5 scrolls of magic mapping
 u - a scroll of recharging {unknown}
 v - 2 scrolls of blinking
 w - 4 scrolls of teleportation {unknown}
 E - a scroll of torment {unknown}
 H - a scroll of fear {unknown}
 Q - a scroll of random uselessness {unknown}
Potions
 h - a potion of heal wounds
 m - a potion of flight
 q - 3 potions of brilliance
 D - a potion of might
 I - a potion of berserk rage {unknown}
 O - a potion of magic {unknown}
 P - a potion of curing
Books
 L - a book of Callings

   Spells                             Type                      Level
   a - Summon Small Mammal            Summoning                    1
   b - Call Imp                       Summoning                    2
   c - Call Canine Familiar           Summoning                    3
   d - Summon Guardian Golem          Hexes/Summoning              3
   e - Summon Lightning Spire         Summoning/Air                4
   f - Summon Ice Beast               Ice/Summoning                4
Comestibles
 f - 6 bread rations
 g - 3 meat rations
 l - 4 royal jellies
 p - 29 fruits


   Skills:
 + Level 7.6 Fighting
 * Level 9.4 Axes
 - Level 2.1 Throwing
 + Level 7.6 Armour
 - Level 2.4 Dodging
 + Level 6.5 Invocations
 - Level 2.1 Evocations


You had 9 spell levels left.
You didn't know any spells.

Dungeon Overview and Level Annotations

Branches:
Dungeon (9/15)             Temple (1/1) D:4            Lair (1/6) D:9
    Orc (0/2) D:9

Altars:
Ashenzari
Cheibriados
Dithmenos
Elyvilon
Fedhas
Gozag
Hepliaklqana
Kikubaaqudgha
Makhleb
Nemelex Xobeh
Okawaru
Qazlal
Ru
Sif Muna
Trog
Uskayaw
Vehumet
Wu Jian
Xom
Yredelemnul
Zin
The Shining One

Shops:
D:4 (


Innate Abilities, Weirdness & Mutations

You are resistant to torment.
Your stone body is resilient. (AC +7)
You are immune to poison.
You resist negative energy. (rN+)
You are resistant to electric shocks. (rElec)
You can survive without breathing.
You are immune to petrification.
You are immune to rotting.


Message History

The komodo dragon is heavily wounded.
The komodo dragon bites you!
You barely miss the komodo dragon.
The komodo dragon is heavily wounded.
The komodo dragon bites you!
You hit the komodo dragon but do no damage.
The komodo dragon is heavily wounded.
The komodo dragon closely misses you.
You hit the komodo dragon but do no damage.
The komodo dragon is moderately wounded.
The komodo dragon bites you!
* * * LOW HITPOINT WARNING * * *
You closely miss the komodo dragon.
The komodo dragon is moderately wounded.
The komodo dragon bites you.
* * * LOW HITPOINT WARNING * * *
The komodo dragon hisses menacingly.
The komodo dragon hisses menacingly.
A demon appears!
The komodo dragon bites you!!
You die...

....... .......
.......
........###
..........##
....≈≈≈≈#..##
...≈≈≈≈≈.#..##
..≈≈≈≈≈≈.##..#
.≈≈≈≈≈≈≈.@#.#.#
.≈≈≈≈≈≈..3l##
.# .≈≈≈≈≈.<..##
.# .≈≈≈≈≈≈...#
.. .≈≈≈≈≈≈≈.##
.. ≈.≈≈≈≈≈.#. .
##..≈.≈####
###.## ##


You could see a komodo dragon and a friendly ynoxinul.

Vanquished Creatures
  Pikel (D:7)
  Maurice (D:9)
  A hippogriff (D:9)
  Sigmund (D:6)
  A wyvern (D:9)
  3 wargs (D:9)
  Menkaure (D:6)
  Duvessa (D:6)
  A slave (D:7)
  An ice beast (D:5)
  An eye of draining (D:9)
  2 phantoms
  A black bear (D:9)
  A sky beast (D:7)
  7 ogres
  3 centaurs
  Blork the orc (D:5)
  2 big kobolds (D:8)
  A gnoll sergeant (D:8)
  Dowan (D:6)
  3 scorpions
  3 howler monkeys (D:9)
  3 crimson imps
  A bullfrog zombie (D:8)
  A bullfrog skeleton (D:9)
  4 hounds
  2 jellies (D:8)
  2 orc priests
  2 centaur skeletons (D:8)
  A gnoll shaman (D:6)
  An iron imp (D:6)
  Ijyb (D:5)
  3 iguanas
  3 orc wizards (D:9)
  4 worker ants
  A hound zombie (D:5)
  A hound skeleton (D:5)
  A worker ant zombie (D:9)
  14 gnolls
  10 adders
  2 shadow imps (D:5)
  An adder zombie (D:8)
  2 adder skeletons (D:8)
  2 worms
  A dart slug (D:1)
  6 leopard geckos
  25 orcs
  9 bats
  3 giant cockroaches
  5 goblins
  5 hobgoblins
  16 jackals
  2 quokkas
  A ball python (D:3)
  5 frilled lizards
  15 kobolds
  14 rats
207 creatures vanquished.

Vanquished Creatures (collateral kills)
  A steam dragon (D:9)
  3 orcs (D:9)
4 creatures vanquished.

Vanquished Creatures (others)
  A big kobold (D:7)
  2 kobolds (D:7)
3 creatures vanquished.

Grand Total: 214 creatures vanquished

Notes
Turn   | Place    | Note
-------+----------+-------------------------------------------
     0 | D:1      | motkurip the Gargoyle Gladiator began the quest for the Orb.
     0 | D:1      | Reached XP level 1. HP: 12/12 MP: 1/1
   144 | D:1      | Reached XP level 2. HP: 17/18 MP: 2/2
   191 | D:1      | Reached skill level 3 in Axes
   283 | D:1      | Reached XP level 3. HP: 15/22 MP: 3/3
   598 | D:3      | Reached XP level 4. HP: 20/28 MP: 4/4
   614 | D:3      | Reached skill level 1 in Armour
   704 | D:3      | Found a faded altar of an unknown god.
   956 | D:3      | Reached skill level 4 in Axes
   956 | D:3      | Reached XP level 5. HP: 31/32 MP: 5/5
  1077 | D:3      | Noticed an ogre
  1085 | D:3      | Killed an ogre
  1159 | D:4      | Noticed a phantom
  1160 | D:4      | Reached XP level 6. HP: 24/38 MP: 6/6
  1370 | D:4      | Noticed a phantom
  1399 | D:4      | Killed a phantom
  1417 | D:4      | Reached skill level 5 in Axes
  1534 | D:4      | Found a staircase to the Ecumenical Temple.
  1550 | Temple   | Entered the Ecumenical Temple
  1674 | Temple   | Became a worshipper of Makhleb the Destroyer
  1727 | D:4      | Found Pafruff's Weapon Boutique.
  1829 | D:4      | Reached XP level 7. HP: 44/44 MP: 7/7
  1845 | D:5      | Entered Level 5 of the Dungeon
  2313 | D:5      | Reached skill level 6 in Axes
  2324 | D:5      | Reached skill level 1 in Invocations
  2394 | D:5      | Reached XP level 8. HP: 47/48 MP: 9/9
  2410 | D:5      | Reached skill level 5 in Fighting
  2426 | D:5      | Reached * piety under Makhleb
  2509 | D:5      | Noticed Ijyb
  2519 | D:5      | Killed Ijyb
  2600 | D:6      | Noticed Dowan
  2601 | D:6      | Noticed Duvessa
  2602 | D:6      | Noticed Sigmund
  2606 | D:6      | Noticed Menkaure
  2699 | D:6      | Noticed Blork the orc
  2716 | D:5      | Killed Blork the orc
  2716 | D:5      | Reached skill level 5 in Armour
  2759 | D:6      | Found a snail-covered altar of Cheibriados.
  2788 | D:6      | Killed Duvessa
  2794 | D:6      | Killed Dowan
  2828 | D:6      | Reached skill level 7 in Axes
  2858 | D:6      | Found a shadowy altar of Dithmenos.
  2983 | D:6      | Killed Menkaure
  2991 | D:6      | Killed Sigmund
  2991 | D:6      | Reached skill level 1 in Evocations
  2991 | D:6      | Reached XP level 9. HP: 19/55 MP: 11/11
  3019 | D:6      | Found a radiant altar of Vehumet.
  3074 | D:6      | Noticed Pikel
  3116 | D:7      | Killed Pikel
  3259 | D:7      | Got a polished spear
  3334 | D:7      | Reached skill level 8 in Axes
  3366 | D:7      | Reached ** piety under Makhleb
  3431 | D:7      | Found a stormy altar of Qazlal.
  3432 | D:7      | Reached skill level 5 in Invocations
  3767 | D:8      | Reached XP level 10. HP: 61/61 MP: 14/14
  4113 | D:9      | Reached *** piety under Makhleb
  4128 | D:9      | Reached skill level 9 in Axes
  4160 | D:9      | Found a staircase to the Lair.
  4245 | D:9      | Found a staircase to the Orcish Mines.
  4261 | D:9      | Got a jet-encrusted ring mail
  4272 | D:9      | Identified the +3 ring mail of the Fiend {rElec Int+3 Dex-4} (You found it on level 9 of the Dungeon)
  4325 | D:9      | Noticed Maurice
  4348 | D:9      | Killed Maurice
  4439 | Lair:1   | Entered Level 1 of the Lair of Beasts
  4493 | Lair:1   | Slain by a komodo dragon

Vault maps used:
D:1:      dpeg_arrival_leaves_temple_mockup
D:2:      minmay_misc_feat_columns
D:3:      chequers_ecumenical_altar_simple
D:4:      minmay_temple_entry_water_ring, serial_shops, shop, first_bread
D:5:      uniq_ijyb
D:6:      slow_altar_2, basic_altar, nicolae_dithmenos_through_a_glass_darkly,
          uniq_menkaure, uniq_pikel, uniq_blork_the_orc, uniq_sigmund,
          uniq_duvessa
D:7:      gammafunk_beogh_shrine, lemuel_crystal_altar
D:8:      blue_anna_alchemist
D:9:      erik_lair_orcish_takeover, uniq_maurice, uniq_prince_ribbit1,
          uniq_grum
Temple:   regret_index_temple_chain_breaker
Lair:1:   grunt_megastairs_2, infiniplex_staircase_pool

Skill      XL: |  1  2  3  4  5  6  7  8  9 10 |
---------------+-------------------------------+-----
Axes           | 3 4 5 6 7 8 9 |  9.4
Throwing       | 2 |  2.1
Fighting       | 3 4 5 6 7 |  7.6
Armour         | 1 2 3 4 5 6 7 |  7.6
Invocations    | 1 3 5 6 |  6.5
Evocations     | 1 2 |  2.1
Dodging        | |  2.4

Action                   |  1- 3 |  4- 6 |  7- 9 | 10-12 || total
-------------------------+-------+-------+-------+-------++-------
Melee: War axe           |   123 |   177 |    21 |       ||   321
       Hand axe          |       |       |   338 |   153 ||   491
Throw: Javelin           |       |     4 |     4 |       ||     8
Invok: Lesser Servant of |       |       |       |     2 ||     2
Evoke: Wand              |       |       |     5 |     1 ||     6
  Use: Scroll            |       |     5 |     3 |     4 ||    12
       Potion            |       |       |     3 |     1 ||     4
 Stab: Paralysed         |       |       |     7 |       ||     7
  Eat: Chunk             |       |     3 |     8 |     1 ||    12
Armor: Leather armour    |    23 |       |       |       ||    23
       Chain mail        |    81 |   134 |   227 |   100 ||   542
Dodge: Dodged            |    90 |    80 |   141 |    48 ||   359

Table legend:
 A = Spawn XP
 B = Non-spawn XP
 C = Spawn XP percentage of total XP
 D = Spawn monster count
 E = Non-spawn monster count
 F = Spawn count percentage of total count
 G = Total turns spent on level
                    A         B        C        D         E        F      G
               +---------+---------+-------+---------+---------+-------+---------
         Total |       0 |    7314 |   0.0 |       0 |     211 |   0.0 |  4493
               +---------+---------+-------+---------+---------+-------+---------
           D:1 |       0 |      44 |   0.0 |       0 |      26 |   0.0 |   407
           D:2 |       0 |      18 |   0.0 |       0 |      14 |   0.0 |   222
           D:3 |       0 |     273 |   0.0 |       0 |      34 |   0.0 |   610
           D:4 |       0 |     399 |   0.0 |       0 |      13 |   0.0 |   542
           D:5 |       0 |    1018 |   0.0 |       0 |      22 |   0.0 |   751
           D:6 |       0 |     781 |   0.0 |       0 |       8 |   0.0 |   432
           D:7 |       0 |    1342 |   0.0 |       0 |      27 |   0.0 |   341
           D:8 |       0 |     994 |   0.0 |       0 |      29 |   0.0 |   648
           D:9 |       0 |    2445 |   0.0 |       0 |      38 |   0.0 |   351
               +---------+---------+-------+---------+---------+-------+---------
